 Dungeon Crawl Stone Soup version 0.24.0-125-gc4c63601f3 (webtiles) character file.

Game seed: 11463611804516840487, levelgen mode: deterministic

4192 Johnny the Spear-Bearer (level 9, -2/79 HPs)
             Began as a Demigod Gladiator on Feb 29, 2020.
             Slain by an orc warrior
             ... wielding a +0 spear
              (14 damage)
             ... in a bailey.
             The game lasted 00:08:45 (6378 turns).

Johnny the Spear-Bearer (Demigod Gladiator)         Turns: 6378, Time: 00:08:45

Health: -2/79      AC: 10    Str: 23    XL:     9   Next: 81%
Magic:  20/20      EV: 16    Int: 17    God:
Gold:   536        SH:  0    Dex: 22    Spells: 8/8 levels left

rFire    . . .     SeeInvis +   y - +0 halberd
rCold    . . .     Gourm    .   (shield currently unavailable)
rNeg     . . .     Faith    .   p - +0 chain mail
rPois    .         Spirit   .   c - +0 helmet
rElec    .         Reflect  .   (no cloak)
rCorr    .         Harm     .   (no gloves)
MR       .....                  (no boots)
Stlth    ..........             C - amulet of the acrobat
HPRegen  0.23/turn              E - ring of magical power
MPRegen  0.17/turn              G - ring of see invisible

@: confused, brilliant, agile, very slightly contaminated, hasted, slow
A: high mp 1
a: no special abilities


You were in a bailey.
You were hungry.

You visited 1 branch of the dungeon, and saw 7 of its levels.
You also visited: Ossuary and Bailey.

You collected 536 gold pieces.

Inventory:

Hand Weapons
 y - a +0 halberd (weapon)
Missiles
 d - 7 throwing nets (quivered)
Armour
 c - a +0 helmet (worn)
 p - a +0 chain mail (worn)
Jewellery
 o - an uncursed ring of ice
 C - an amulet of the acrobat (around neck)
 E - a ring of magical power (left hand)
 G - a ring of see invisible (right hand)
 J - an uncursed ring of positive energy {unknown}
Scrolls
 a - 2 scrolls of remove curse
 b - 2 scrolls of enchant weapon {unknown}
 i - 5 scrolls of amnesia
 k - 4 scrolls of immolation
 l - 2 scrolls of enchant armour
 q - 3 scrolls of teleportation
 u - a scroll of fear {unknown}
 w - 2 scrolls of random uselessness {unknown}
 I - a scroll of fog {unknown}
Potions
 e - 4 potions of flight
 j - a potion of haste
 m - 2 potions of mutation {unknown}
 n - a potion of degeneration {unknown}
 s - a potion of resistance {unknown}
 t - a potion of magic
 v - a potion of agility
 z - 2 potions of curing {unknown}
 A - a potion of lignification {unknown}
 B - a potion of ambrosia
 D - 3 potions of brilliance
 F - a potion of might {unknown}
Comestibles
 f - 17 rations
 g - 3 chunks of flesh


   Skills:
 + Level 7.3 Fighting
 * Level 10.4 Polearms
 - Level 1.7 Throwing
 + Level 3.3 Armour
 + Level 4.5 Dodging


You had 8 spell levels left.
You didn't know any spells.
Your spell library contained the following spells:

 Spells                   Type           Power        Failure   Level  Hunger
 Flame Tongue             Conj/Fire      ##...        19%         1    ##.....
 Magic Dart               Conj           ##..         19%         1    ##.....
 Blink                    Tloc           N/A          26%         2    ###....
 Call Imp                 Summ           ##......     26%         2    ###....
 Slow                     Hex            ##......     26%         2    ###....
 Throw Flame              Conj/Fire      ##....       26%         2    ###....
 Conjure Flame            Conj/Fire      ##......     45%         3    ####...
 Inner Flame              Hex/Fire       ##......     45%         3    ####...
 Mephitic Cloud           Conj/Pois/Air  ##......     45%         3    ####...
 Sticky Flame             Conj/Fire      ##......     80%         4    #####..
 Fireball                 Conj/Fire      ##........   97%         5    ######.


Dungeon Overview and Level Annotations

Branches:
Dungeon (7/15)             Temple (0/1) D:4         Ossuary (visited)
 Bailey (1/1)

Shops:
D:4 }   D:5 (}((


Innate Abilities, Weirdness & Mutations

You have an increased reservoir of magic. (+10% MP)


Message History

* * * LOW HITPOINT WARNING * * *
Unknown command.
Okay, then.
Evoke which item? (* to show all) (? for menu, Esc to quit)
Okay, then.
You're too confused!
Unknown command.
You bump into the stone wall.
You feel less invigorated.
You feel less confused.
You are confused.
You feel invigorated.
The orc warrior hits you from afar with a +0 spear.
* * * LOW HITPOINT WARNING * * *
Unknown command.
It was a potion of magic.
Magic courses through your body.
It was a potion of agility.
You feel agile all of a sudden.
The orc warrior hits you from afar with a +0 spear!
You die...

.≈##oo#≈≈≈≈≈≈≈≈≈≈≈≈≈≈≈≈≈#∩.
.≈≈#o#≈≈≈≈≈(≈(###≈≈≈≈≈≈≈≈#.
.≈≈≈≈≈≈≈≈≈(#########≈≈≈≈≈≈≈
.≈≈≈≈≈≈≈≈(##≈≈≈≈≈≈≈##≈≈≈≈≈≈
.≈≈≈≈≈≈≈(##≈≈#'#'#≈≈##≈≈≈≈≈
..≈≈≈≈≈≈((#≈≈##)#)##≈≈#≈≈≈≈≈
..≈≈≈≈≈≈(##≈#########≈##≈≈≈≈
..≈≈≈≈≈≈(##≈')#?.:#)'≈##≈≈≈≈
..≈≈≈≈≈≈(##@###o8.###≈##≈≈≈≈
..≈≈≈≈≈≈(##≈')#.oo#)(≈##≈≈≈≈
..≈≈≈≈≈≈(##o####o####(##≈≈≈≈
..≈≈≈≈≈≈((#))##o)∩##≈≈##≈≈≈≈
..≈≈≈≈≈≈≈≈##≈≈#'''##(≈≈≈≈≈≈≈
..≈≈≈≈≈≈≈(≈##≈≈≈≈≈##≈≈≈≈≈≈≈≈
..≈≈≈≈≈≈≈≈(≈##≈≈≈≈##(≈≈≈≈≈≈≈
..≈≈#.#≈≈((((#######(≈≈≈≈≈#.
..≈##.o#≈≈≈≈≈≈(≈≈≈(≈≈≈≈≈≈#o.


You could see an orc warrior.

Vanquished Creatures
  Harold (D:7)
  An orc knight (Bailey)
  Grinder (D:6)
  2 hippogriffs
  Menkaure (D:6)
  Edmund (D:6)
  A water moccasin (D:4)
  5 orc warriors (Bailey)
  A sky beast (D:6)
  An ice beast (D:6)
  A phantom (D:4)
  An ogre (D:6)
  A big kobold (D:3)
  A scorpion (D:6)
  4 wights (D:7)
  A killer bee (D:6)
  A centaur zombie (D:5)
  2 crimson imps (D:6)
  4 orc wizards
  2 orc priests
  A gnoll shaman (D:5)
  3 hounds
  A jelly (D:5)
  2 iguanas
  4 worker ants
  A hound zombie (D:6)
  8 mummies (Ossuary)
  Robin (D:4)
  5 gnolls (D:5)
  2 howler monkey skeletons
  11 adders
  A shadow imp (D:6)
  2 oozes
  3 worms
  4 dart slugs
  3 leopard geckos
  32 orcs
  7 bats
  5 giant cockroaches
  2 gnoll zombies (Ossuary)
  19 goblins
  12 hobgoblins
  4 jackals
  7 kobolds
  2 quokkas (D:3)
  A ball python (D:2)
  7 frilled lizards
  4 hobgoblin zombies (Ossuary)
  2 kobold zombies (Ossuary)
  5 rats
194 creatures vanquished.

Notes
Turn   | Place    | Note
-------+----------+-------------------------------------------
     0 | D:1      | Johnny the Demigod Gladiator began the quest for the Orb.
     0 | D:1      | Reached XP level 1. HP: 17/17 MP: 3/3
   145 | D:1      | Reached skill level 3 in Polearms
   187 | D:1      | Found a snail-covered altar of Cheibriados.
   262 | D:1      | Reached XP level 2. HP: 23/24 MP: 4/4
   546 | D:2      | Found a white marble altar of Elyvilon.
   567 | D:2      | Reached XP level 3. HP: 16/30 MP: 5/5
  1273 | D:3      | Reached skill level 4 in Polearms
  1300 | D:3      | Reached XP level 4. HP: 14/37 MP: 6/6
  1677 | D:3      | Reached XP level 5. HP: 14/45 MP: 7/7
  1991 | D:3      | Reached skill level 5 in Polearms
  2427 | D:3      | Reached XP level 6. HP: 50/52 MP: 8/8
  2681 | D:4      | Noticed Robin
  2888 | D:4      | Killed Robin
  2952 | D:4      | Found a staircase to the Ecumenical Temple.
  2953 | D:4      | Found Cupun's Gadget Emporium.
  3076 | D:4      | Reached skill level 6 in Polearms
  3171 | D:4      | Found a radiant altar of Vehumet.
  3203 | D:4      | Noticed a water moccasin
  3214 | D:4      | Killed a water moccasin
  3214 | D:4      | Reached XP level 7. HP: 51/60 MP: 9/9
  3522 | D:5      | Entered Level 5 of the Dungeon
  3668 | D:5      | Found Niciaj's Antique Weapon Boutique.
  3705 | D:5      | Reached skill level 7 in Polearms
  3726 | D:5      | Found Coffisi's Antique Weapon Shoppe.
  3835 | D:5      | Found Taariymm's Antique Weapon Shop.
  3867 | D:5      | Found Ydater Eneno's Gadget Shop.
  4008 | D:5      | Reached skill level 5 in Fighting
  4119 | D:6      | Noticed Grinder
  4120 | D:6      | Noticed Edmund
  4125 | D:6      | Killed Grinder
  4131 | D:6      | Killed Edmund
  4131 | D:6      | Reached XP level 8. HP: 49/69 MP: 10/10
  4134 | D:6      | Reached skill level 8 in Polearms
  4150 | D:6      | Found a sand-covered staircase.
  4221 | D:6      | Noticed a hippogriff
  4242 | D:6      | Killed a hippogriff
  4245 | Ossuary  | Entered an ossuary
  4739 | D:6      | Noticed Menkaure
  4743 | D:6      | Killed Menkaure
  4743 | D:6      | Reached skill level 9 in Polearms
  4970 | D:6      | Found a snail-covered altar of Cheibriados.
  4975 | D:6      | Found an ornate altar of the Wu Jian Council.
  5164 | D:6      | Reached skill level 1 in Armour
  5308 | D:7      | Reached XP level 9. HP: 58/78 MP: 11/11
  5384 | D:7      | Found a shimmering altar of Xom.
  5416 | D:7      | Noticed Harold
  5426 | D:7      | Killed Harold
  5426 | D:7      | Reached skill level 10 in Polearms
  5528 | D:7      | Found a flagged portal.
  5536 | Bailey   | Entered a bailey
  6324 | Bailey   | Noticed an orc knight
  6343 | Bailey   | Killed an orc knight
  6373 | Bailey   | HP: 2/79 [orc warrior/+0 spear (8)]
  6378 | Bailey   | Slain by an orc warrior

Levels and vault maps discovered:
D:1:      zaba_arrival_water, layout_basic, corexii_corridor_pit,
          cheibriados_altar_1
D:2:      layout_basic, elyvilon_altar_5
D:3:      layout_basic, serial_glass, glass_columns_b, glass_columns_c,
          first_ration
D:4:      layout_rooms, fiery_altar_vehumet, minmay_temple_entry_overgrown,
          serial_shops, shop, abandoned_shop, minivault_5, uniq_robin
D:5:      layout_loops_cross, serial_shops, shop, nicolae_shop_trees, shop,
          shop_fountains
D:6:      minmay_opposing_rooms, layout_rooms, gammafunk_temple_overflow_pools,
          nicolae_ossuary_entry_false_entrances, serial_corexii_hall,
          corexii_hall_statues_t, chequers_hall_statues_wall_a, uniq_edmund,
          uniq_menkaure, uniq_grinder
D:7:      layout_loops_ring, serial_shops, nicolae_shop_trees, enter_bailey_3,
          xom_redecorated, uniq_duvessa, uniq_harold
Bailey:   bailey_polearm_2, bailey

Skill      XL: |  1  2  3  4  5  6  7  8  9 |
---------------+----------------------------+-----
Fighting       | 2 3 4 5 6 7 |  7.3
Polearms       | 3 4 5 6 7 9 10 | 10.4
Dodging        | 3 4 |  4.5
Armour         | 1 3 |  3.3
Throwing       | |  1.7

Action                   |  1- 3 |  4- 6 |  7- 9 || total
-------------------------+-------+-------+-------++-------
Melee: Trident           |   144 |   228 |    58 ||   430
       Halberd           |       |       |   274 ||   274
Evoke: Wand              |       |       |    29 ||    29
  Use: Potion            |       |       |    13 ||    13
       Scroll            |       |       |     5 ||     5
 Stab: Paralysed         |       |       |    16 ||    16
       Invisible         |       |       |     5 ||     5
  Eat: Chunk             |       |     7 |    11 ||    18
Armor: Ring mail         |    46 |       |       ||    46
       Chain mail        |       |    99 |   104 ||   203
Dodge: Dodged            |    86 |    70 |   172 ||   328
